 Dungeon Crawl Stone Soup version 0.13-a0-2907-g70ca29e (webtiles) character file.

6132 PolkaDot the Jinx (level 10, -6/63 HPs)
             Began as a Vampire Enchanter on Aug 31, 2013.
             Was an Elder of Makhleb.
             Mangled by an orc warrior
             ... wielding a -1,+0 orcish long sword
              (16 damage)
             ... on Level 9 of the Dungeon.
             The game lasted 00:51:53 (7908 turns).

PolkaDot the Jinx (Vampire Enchanter)               Turns: 7908, Time: 00:51:53

HP  -6/63        AC  3     Str  8      XL: 10   Next: 47%
MP  14/21        EV 12     Int 19      God: Makhleb [****..]
Gold 458         SH  0     Dex 14      Spells:  5 memorised,  1 level left

Res.Fire  : . . .   See Invis. : +   K - +0,+3 orc dagger (elec)
Res.Cold  : + + .   Warding    : .   b - +1 robe
Life Prot.: + + +   Conserve   : .   (no shield)
Res.Poison: +       Res.Corr.  : .   (no helmet)
Res.Elec. : .       Clarity    : .   (no cloak)
Sust.Abil.: + .     Spirit.Shd : .   (no gloves)
Res.Mut.  : .       Stasis     : .   (no boots)
Res.Rott. : +       Flight     : .   (no amulet)
Saprovore : . . .                    (no ring)
                                     n - ring of sustain abilities {unknown}

@: non-regenerating, very slightly contaminated, somewhat resistant to hostile
enchantments, extremely stealthy
A: bottle blood, fangs 3, see invisible, unbreathing
a: Bat Form, Bottle Blood, Minor Destruction, Lesser Servant of Makhleb, Major
Destruction, Renounce Religion


You were on level 9 of the Dungeon.
You worshipped Makhleb.
Makhleb was extremely pleased with you.
You were bloodless.

You visited 2 branches of the dungeon, and saw 10 of its levels.

You collected 498 gold pieces.
You spent 60 gold pieces at shops.

Inventory:

Hand weapons
 a - a +1,+0 dagger {=f}
 m - a +2,+0 elven short sword
 K - a +0,+3 orcish dagger of electrocution (weapon)
Missiles
 d - 12 darts (quivered)
Armour
 b - a +1 robe (worn)
Magical devices
 g - a wand of polymorph (3)
 y - a wand of paralysis (11) {unknown}
 H - a wand of heal wounds (3)
 I - a wand of draining (4) {unknown}
Scrolls
 e - a scroll of enchant weapon III {unknown}
 f - 5 scrolls of remove curse
 h - 3 scrolls of amnesia {unknown}
 j - 8 scrolls of curse jewellery {unknown}
 k - 7 scrolls of identify
 o - a scroll of magic mapping {unknown}
 p - 2 scrolls of random uselessness {unknown}
 q - 5 scrolls of teleportation
 r - 2 scrolls of enchant armour {unknown}
 s - a scroll of curse weapon {unknown}
 t - 2 scrolls of enchant weapon I {unknown}
 u - 2 scrolls of recharging {unknown}
 v - 5 scrolls of curse armour {unknown}
 x - 6 scrolls of fog {unknown}
 z - 4 scrolls of blinking {unknown}
 D - 2 scrolls of noise {unknown}
 L - 3 scrolls of enchant weapon II {unknown}
Jewellery
 n - a ring of sustain abilities (left hand) {unknown}
 B - a +0,+6 ring of slaying {unknown}
 C - an uncursed ring of protection from magic {unknown}
 J - a cursed ring of ice {unknown}
Potions
 i - 2 potions of curing
 l - a potion of confusion
 w - a potion of restore abilities
 A - 2 potions of heal wounds
 E - a potion of porridge {unknown}
 F - a potion of mutation {unknown}
 G - a potion of poison {unknown}
Books
 c - a book of Maledictions

   Spells                             Type                      Level
   *Corona                            Hexes                        1
   Sure Blade                         Hexes/Charms                 2
   *Ensorcelled Hibernation           Hexes/Ice                    2
   *Confuse                           Hexes                        3
   *Enslavement                       Hexes                        4
   *Invisibility                      Hexes                        6


   Skills:
 * Level 3.7 Short Blades
 - Level 0.7 Throwing
 - Level 2.1 Dodging
 + Level 12.2 Stealth
 - Level 4.0 Spellcasting
 + Level 14.8 Hexes
 - Level 3.6 Ice Magic
 + Level 4.5 Invocations


You had one spell level left.
You knew the following spells:

 Your Spells              Type           Power        Failure   Level  Hunger
a - Corona                Hex            ######.      1%          1    None
c - Confuse               Hex            ######..     1%          3    ###....
d - Ensorcelled Hibernat  Hex/Ice        #####.       1%          2    #......
e - Enslavement           Hex            ######..     1%          4    ####...
i - Invisibility          Hex            ######..     6%          6    #######


Dungeon Overview and Level Annotations

Branches:
Dungeon (9/27)             Temple (1/1) D:4             Orc (0/4) D:6
   Lair: D:8-13

Altars:
Ashenzari
Cheibriados
Elyvilon
Fedhas
Kikubaaqudgha
Makhleb
Nemelex Xobeh
Okawaru
Sif Muna
Trog
Vehumet
Xom
Yredelemnul
Zin
the Shining One

Shops:
D:5 ?   D:7 [+


Innate Abilities, Weirdness & Mutations

You do not heal naturally.
You can bottle blood from corpses.
You have razor-sharp teeth.*
You have supernaturally acute eyesight.
You can survive without breathing.*


Message History

Press: ? - help, Shift-Dir - straight line, f - giant gecko, p - orc warrior
Aim: a giant gecko The giant gecko looks drowsy...
The helpless giant gecko fails to defend itself.
You bite the giant gecko, and draw its blood!
You feel better.
You feel slightly less thirsty.
You perforate the giant gecko like a sieve!!!
You kill the giant gecko!
Makhleb accepts your kill.
You feel a little better.
The orc warrior hits you with an orcish long sword!
* * * LOW HITPOINT WARNING * * *
Casting: Ensorcelled Hibernation
Confirm with . or Enter, or press ? or * to list all spells.
Aiming: Ensorcelled Hibernation
Press: ? - help, Shift-Dir - straight line, f - orc warrior
Aim: an orc warrior, wielding an orcish long sword and wearing an orcish plate armour (heavily wounded)
The orc warrior easily resists.
The orc warrior hits you with an orcish long sword!
You die...

...# ... #......### ...# ........
#......... ...# ........
#......... ...# .........
#......... ...# .........
########.. ...#.... .........
#......#.. ...P....
........#######......#..
..P.P≈.........o%)............#..
.P≈P≈P≈ ........@)..".........#..
≈≈♣≈♣♣≈ ......................#..
≈≈♣♣♣ .....................#..
≈P♣ .....................#.. P≈♣♣
.....................#.. ≈≈♣P≈P
.......!..>.........#.. .PP≈≈≈≈
.....................f ...PPP≈
##############......... ......P
#............#.........


You could see an orc warrior.

Vanquished Creatures
  Joseph (D:7)
  The ghost of saturine the Skirmisher, an experienced HuCK of Xom (D:5)
  A spriggan (D:8)
  2 hippogriffs (D:9)
  The ghost of saturine the Cutter, an average HuCK of Xom (D:4)
  A hill giant skeleton (D:8)
  Edmund (D:4)
  A manticore (D:8)
  An ice beast (D:9)
  4 orc warriors
  4 phantoms
  2 sky beasts
  4 ogres
  A centaur (D:8)
  A crocodile (D:8)
  Duvessa (D:4)
  3 giant frogs
  An eye of draining (D:8)
  10 killer bees
  A troll skeleton (D:7)
  A goliath beetle (D:7)
  7 crimson imps
  Dowan (D:4)
  2 jellies
  2 hounds
  10 orc priests
  An iguana (D:6)
  9 worker ants
  10 orc wizards
  A scorpion (D:4)
  An ogre skeleton (D:6)
  A mottled dragon skeleton (D:9)
  A hound zombie (D:7)
  A mummy (D:9)
  9 adders
  2 giant mites
  2 worms
  2 giant eyeballs
  11 giant geckos
  55 orcs
  2 ball pythons
  16 bats
  4 giant cockroaches
  9 goblins
  15 hobgoblins
  4 jackals
  5 quokkas
  A giant gecko zombie (D:5)
  5 giant newts
  A hobgoblin skeleton (D:7)
  10 kobolds
  14 rats
  A rat zombie (D:7)
258 creatures vanquished.

Notes
Turn   | Place    | Note
--------------------------------------------------------------
     0 | D:1      | PolkaDot, the Vampire Enchanter, began the quest for the Orb.
     0 | D:1      | Reached XP level 1. HP: 13/13 MP: 4/4
   204 | D:1      | Reached XP level 2. HP: 13/19 MP: 5/5
   313 | D:1      | Learned a level 2 spell: Ensorcelled Hibernation
   861 | D:1      | Reached XP level 3. HP: 24/24 MP: 6/6
  1021 | D:2      | Noticed an angel
  1021 | D:2      | Found a shimmering altar of Xom.
  1052 | D:2      | Found a glowing silver altar of Zin.
  1091 | D:2      | Reached skill level 5 in Hexes
  1271 | D:2      | Reached XP level 4. HP: 27/30 MP: 5/8
  1773 | D:3      | Reached skill level 6 in Hexes
  2124 | D:3      | Reached skill level 1 in Ice Magic
  2134 | D:3      | Learned a level 3 spell: Confuse
  2322 | D:3      | Reached XP level 5. HP: 24/35 MP: 4/9
  2327 | D:3      | Reached skill level 5 in Stealth
  2557 | D:4      | Noticed a phantom
  2594 | D:4      | Noticed an ogre
  2607 | D:4      | Killed an ogre
  2669 | D:4      | Killed a phantom
  2669 | D:4      | Reached skill level 7 in Hexes
  2669 | D:4      | Reached XP level 6. HP: 31/41 MP: 2/12
  2755 | D:4      | Noticed Edmund
  2844 | D:4      | Killed Edmund
  2964 | D:4      | Noticed Dowan
  2968 | D:4      | Noticed Duvessa
  2988 | D:4      | Reached XP level 7. HP: 41/46 MP: 7/14
  3075 | D:4      | Killed Dowan
  3180 | D:4      | Reached skill level 8 in Hexes
  3231 | D:4      | Killed Duvessa
  3251 | D:4      | Noticed saturine's ghost (average HuCK)
  3266 | D:4      | Found a staircase to the Ecumenical Temple.
  3271 | Temple   | Entered the Ecumenical Temple
  3552 | Temple   | Became a worshipper of Makhleb the Destroyer
  3583 | D:4      | Killed saturine's ghost
  3604 | D:4      | Paralysed by a giant eyeball for 3 turns
  3889 | D:5      | Entered Level 5 of the Dungeon
  3932 | D:5      | Reached skill level 9 in Hexes
  3958 | D:5      | Learned a level 6 spell: Invisibility
  4004 | D:5      | Noticed saturine's ghost (experienced HuCK)
  4033 | D:5      | Found Qacki's Magic Scroll Emporium.
  4045 | D:5      | Bought a scroll of remove curse for 36 gold pieces
  4045 | D:5      | Bought a scroll of identify for 24 gold pieces
  4190 | D:5      | Paralysed by you for 2 turns
  4198 | D:5      | Killed saturine's ghost
  4198 | D:5      | Reached skill level 10 in Hexes
  4198 | D:5      | Reached XP level 8. HP: 42/52 MP: 8/18
  4240 | D:5      | Found a white marble altar of Elyvilon.
  4907 | D:6      | Found a blossoming altar of Fedhas.
  4968 | D:6      | Acquired Makhleb's first power
  5019 | D:6      | Reached skill level 11 in Hexes
  5092 | D:6      | Found a sparkling altar of Nemelex Xobeh.
  5504 | D:6      | Found a staircase to the Orcish Mines.
  5515 | D:6      | Reached XP level 9. HP: 57/57 MP: 11/20
  5680 | D:6      | Learned a level 4 spell: Enslavement
  5695 | D:7      | Found Ocaunlup's Armour Shop.
  5697 | D:7      | Reached skill level 12 in Hexes
  5700 | D:7      | Acquired Makhleb's second power
  5700 | D:7      | Reached skill level 10 in Stealth
  5751 | D:7      | Reached skill level 1 in Invocations
  5983 | D:7      | Noticed Joseph
  6005 | D:7      | Killed Joseph
  6005 | D:7      | Reached skill level 13 in Hexes
  6324 | D:7      | Found Famasuam's Book Boutique.
  6639 | D:8      | Acquired Makhleb's third power
  6729 | D:8      | Reached skill level 14 in Hexes
  6729 | D:8      | Reached XP level 10. HP: 63/63 MP: 2/21
  7132 | D:8      | Acquired Makhleb's fourth power
  7719 | D:9      | Found a bloodstained altar of Trog.
  7908 | D:9      | Mangled by an orc warrior

Action                   |  1- 3 |  4- 6 |  7- 9 | 10-12 || total
-------------------------+-------+-------+-------+-------++-------
Melee: Dagger            |   109 |   127 |   251 |    85 ||   572
 Cast: Ensorcelled Hiber |     9 |    43 |    82 |    23 ||   157
       Confuse           |       |     4 |    22 |     1 ||    27
       Invisibility      |       |       |     7 |     4 ||    11
       Corona            |       |       |     3 |     1 ||     4
Invok: Minor Destruction |       |       |     2 |       ||     2
 Abil: Bottle Blood      |       |     1 |     5 |       ||     6
  Use: Potion            |     4 |     2 |    12 |       ||    18
       Scroll            |       |       |     2 |       ||     2
 Stab: Sleeping          |    11 |    39 |    91 |    36 ||   177
       Confused          |       |     3 |    10 |       ||    13
       Distracted        |       |       |     1 |     2 ||     3
       Invisible         |       |       |     9 |       ||     9
